 Dungeon Crawl Stone Soup version 0.25.0-9-g26727b657a (webtiles) character file.

Game seed: 10419749330716861942

4883 Esekla the Slicer (level 10, -2/82 HPs)
             Began as a Formicid Conjurer on June 20, 2020.
             Was a Believer of Ashenzari.
             Slain by a vampire (14 damage)
             ... on level 9 of the Dungeon.
             The game lasted 01:10:04 (10556 turns).

Esekla the Slicer (Formicid Conjurer)              Turns: 10556, Time: 01:10:05

Health: -2/82      AC:  5    Str: 14    XL:     10   Next: 79%
Magic:  26/26      EV: 15    Int: 17    God:    Ashenzari [**....]
Gold:   563        SH:  0    Dex: 15    Spells: 0/18 levels left

rFire    + . .     SeeInvis +   k - +11 dagger "Jafadiun" {venom, +Fly Dex+4} (curse)
rCold    . . .     Gourm    .   (no shield)
rNeg     . . .     Faith    .   x - +1 robe {rF+}
rPois    .         Spirit   .   (helmet unavailable)
rElec    .         Reflect  .   (no cloak)
rCorr    .         Harm     .   l - +0 pair of gloves
MR       +....                  C - +0 pair of boots
Stlth    +++.......             (no amulet)
HPRegen  0.23/turn              A - ring of magical power (curse)
MPRegen  0.20/turn              (no ring)

@: no status effects
A: permanent stasis, dig shafts and tunnels, four strong arms, antennae 3
a: Dig, Shaft Self, Curse Item, Scrying, Renounce Religion, Evoke Flight


You were on level 9 of the Dungeon.
You worshipped Ashenzari.
Ashenzari was pleased with you.
You were hungry.

You visited 2 branches of the dungeon, and saw 10 of its levels.

You collected 563 gold pieces.

Inventory:

Hand Weapons
 a - a +3 dagger
 k - the cursed +11 dagger "Jafadiun" (weapon) {venom, +Fly Dex+4}
   (You took it off an orc wizard on level 4 of the Dungeon)

   It poisons the flesh of those it strikes.
   It affects your dexterity (+4).
   It lets you fly.
   It has a curse placed upon it.
 z - a +0 long sword
 H - a +4 halberd
Missiles
 g - 13 poisoned darts (quivered)
 y - 2 boomerangs
Armour
 l - a +0 pair of gloves (worn)
 x - a +1 robe of fire resistance (worn)
 C - a +0 pair of boots (worn)
Jewellery
 r - a cursed +6 ring of dexterity
 A - a cursed ring of magical power (left hand)
Wands
 n - a wand of flame (20)
 D - a wand of random effects (9)
 I - a wand of clouds (3)
Scrolls
 b - a scroll of noise {unknown}
 d - 3 scrolls of random uselessness {unknown}
 e - 10 scrolls of identify {unknown}
 f - 3 scrolls of immolation {unknown}
 h - 3 scrolls of magic mapping {unknown}
 i - 2 scrolls of remove curse
 p - 4 scrolls of teleportation {unknown}
 u - 2 scrolls of amnesia {unknown}
 E - a scroll of vulnerability {unknown}
 F - a scroll of enchant armour {unknown}
 G - a scroll of enchant weapon {unknown}
Potions
 c - 4 potions of curing {unknown}
 m - 2 potions of might {unknown}
 o - 2 potions of haste {unknown}
 q - a potion of flight {unknown}
 s - a potion of invisibility
 t - a potion of degeneration {unknown}
 v - 2 potions of heal wounds {unknown}
 w - 3 potions of magic {unknown}
 B - 2 potions of brilliance {unknown}
Comestibles
 j - 23 rations


   Skills:
 + Level 8.5 Fighting
 + Level 9.0(11.2) Short Blades
 + Level 3.1 Armour
 + Level 5.1 Dodging
 - Level 4.1 Stealth
 + Level 4.7 Spellcasting
 + Level 4.9 Conjurations
 * Level 2.4 Fire Magic
 + Level 0.3 Air Magic
 + Level 0.5 Evocations


You couldn't memorise any spells.
You knew the following spells:

 Your Spells              Type           Power        Failure   Level  Hunger
a - Magic Dart            Conj           ###.         1%          1    None
b - Silence               Hex/Air        #.........   98%         5    ######.
d - Dazzling Flash        Conj/Hex       ##....       16%         3    ###....
e - Searing Ray           Conj           ###...       3%          2    #......
f - Conjure Flame         Conj/Fire      ###.....     10%         3    ###....
y - Sticky Flame          Conj/Fire      ###.....     32%         4    ####...

Your spell library contained the following spells:

 Spells                   Type           Power        Failure   Level  Hunger
 Foxfire                  Conj/Fire      ###.         3%          1    None
 Ensorcelled Hibernation  Hex/Ice        #.....       22%         2    #......
 Inner Flame              Hex/Fire       #.......     26%         3    ###....
 Fulminant Prism          Conj/Hex       ##........   45%         4    ####...
 Iskenderun's Mystic Bla  Conj/Tloc      ##......     47%         4    ####...
 Fireball                 Conj/Fire      ###.......   65%         5    ######.
 Borgnjor's Vile Clutch   Necr/Erth      #.........   99%         5    ######.
 Darkness                 Hex            #.........   100%        6    #######
 Shadow Creatures         Summ           N/A          100%        6    #######


Dungeon Overview and Level Annotations

Branches:
Dungeon (9/15)             Temple (1/1) D:6
   Lair: D:8-11         Orc: D:9-12

Altars:
Ashenzari
Cheibriados
Dithmenos
Elyvilon
Fedhas
Gozag
Hepliaklqana
Kikubaaqudgha
Makhleb
Nemelex Xobeh
Okawaru
Qazlal
Ru
Sif Muna
Trog
Uskayaw
Vehumet
Wu Jian
Xom
Yredelemnul
Zin
The Shining One

Annotations:
D:5 2 transporters, Nebesus's ghost, amateur DsAK
D:8 1 runed translucent door, exclusion: ice statue, nikku's ghost, novice DECj


Innate Abilities, Weirdness & Mutations

You cannot be hasted, slowed, berserked, paralysed or teleported.
You can dig through walls and to a lower floor.
Your four strong arms can wield two-handed weapons with a shield.
You have a pair of large antennae on your head. (SInv)


Message History

The vampire gestures at you while chanting.
You easily resist.
You closely miss the vampire.
The vampire is moderately damaged.
You hit the vampire.
The vampire is heavily damaged.
The vampire hits you! The vampire barely misses you.
You hit the vampire.
The vampire is heavily damaged.
You hit the vampire but do no damage.
The vampire is heavily damaged.
The vampire hits you! The vampire bites you!
* * * LOW HITPOINT WARNING * * *
The vampire draws strength from your injuries!
Are you sure you want to shaft yourself?
You are feeling hungry.
The vampire hits you!
* * * LOW HITPOINT WARNING * * *
The vampire bites you!
You die...

* ######'#### #.#
#.##### #.# #.....#
#.# * * #########.##
#.# , *#..........#
*+# >, #......)...#
* #..........#### ,
,*#.#..............#
, , ,
#.....V@.....###.. ,
, ###..........# *
############ , , , *


You could see a vampire.

Vanquished Creatures
  Psyche (D:8)
  3 hippogriffs
  2 hungry ghosts
  Duvessa (D:7)
  3 sky beasts
  An orc warrior (D:6)
  2 phantoms
  4 ogres
  5 centaurs
  7 bullfrogs
  A water moccasin zombie (D:5)
  Dowan (D:7)
  2 scorpions
  3 howler monkeys
  4 crimson imps
  5 jellies
  3 orc priests
  5 orc wizards
  4 hounds
  A centaur skeleton (D:5)
  2 bullfrog skeletons
  4 iguanas
  Ijyb (D:4)
  12 worker ants
  A killer bee zombie (D:5)
  A hound zombie (D:5)
  A hound skeleton (D:8)
  A howler monkey skeleton (D:5)
  2 worker ant zombies
  Robin (D:3)
  7 gnolls
  13 adders
  A shadow imp (D:7)
  6 oozes
  An adder skeleton (D:7)
  3 worms
  7 dart slugs
  5 leopard geckos
  19 orcs
  2 ball pythons
  10 bats
  9 giant cockroaches
  18 goblins
  12 hobgoblins
  24 jackals
  5 quokkas
  8 frilled lizards
  7 kobolds
  A leopard gecko zombie (D:6)
  A quokka zombie (D:7)
  9 rats
252 creatures vanquished.

Notes
Turn   | Place    | Note
-------+----------+-------------------------------------------
     0 | D:1      | Esekla the Formicid Conjurer began the quest for the Orb.
     0 | D:1      | Reached XP level 1. HP: 13/13 MP: 3/3
    50 | D:1      | You fall into a shaft and drop 1 floor!
   318 | D:2      | Reached XP level 2. HP: 6/19 MP: 0/5
   329 | D:2      | Learned a level 2 spell: Searing Ray
   927 | D:2      | Reached skill level 1 in Fighting
   927 | D:2      | Reached XP level 3. HP: 17/26 MP: 3/6
  1345 | D:4      | Noticed an ogre
  1571 | D:3      | Reached XP level 4. HP: 30/32 MP: 4/8
  1706 | D:4      | Reached skill level 1 in Short Blades
  1706 | D:4      | Reached XP level 5. HP: 10/38 MP: 1/9
  2042 | D:4      | Identified the +11 dagger "Jafadiun" {venom, +Fly Dex+4}
  2223 | D:4      | Reached skill level 2 in Short Blades
  2223 | D:4      | Reached XP level 6. HP: 46/46 MP: 6/10
  2425 | D:4      | Noticed Ijyb
  2435 | D:4      | Killed Ijyb
  2595 | D:4      | Killed an ogre
  2595 | D:4      | Reached skill level 3 in Short Blades
  2595 | D:4      | Reached XP level 7. HP: 48/52 MP: 8/12
  2671 | D:5      | Entered Level 5 of the Dungeon
  3222 | D:5      | Reached skill level 4 in Short Blades
  3241 | D:5      | Reached XP level 8. HP: 50/60 MP: 5/13
  3344 | D:5      | Found a shattered altar of Ashenzari.
  3365 | D:5      | Became a worshipper of Ashenzari the Shackled
  4553 | D:1      | Reached * piety under Ashenzari
  5105 | D:3      | Noticed Robin
  5112 | D:3      | Killed Robin
  5199 | D:3      | Reached skill level 1 in Armour
  5876 | D:4      | Reached skill level 5 in Short Blades
  6249 | D:5      | Reached skill level 5 in Fighting
  6260 | D:5      | Found a transporter.
  6261 | D:5      | Noticed Nebesus's ghost (amateur DsAK)
  6262 | D:5      | Identified the +3 great mace "Dochom" {vorpal, +Inv Int+4}
  6269 | D:5      | Found a transporter.
  6371 | D:6      | Reached XP level 9. HP: 68/68 MP: 15/15
  6382 | D:6      | Found a burning altar of Makhleb.
  6383 | D:6      | Found a radiant altar of Vehumet.
  6440 | D:6      | Reached skill level 6 in Short Blades
  6451 | D:6      | Found a glowing silver altar of Zin.
  6452 | D:6      | Found a blossoming altar of Fedhas.
  6705 | D:7      | Noticed a hippogriff
  6715 | D:7      | Killed a hippogriff
  6894 | D:6      | You fall into a shaft and drop 2 floors!
  7190 | D:8      | Identified the cursed +0 mace "Lyinaevi" {drain, +Fly Str-2
                  | Dex-4 SInv}
  7220 | D:8      | Found a runed translucent door.
  7220 | D:8      | Noticed nikku's ghost (novice DECj)
  7371 | D:7      | Reached skill level 7 in Short Blades
  7554 | D:6      | Learned a level 3 spell: Dazzling Flash
  7560 | D:6      | Learned a level 5 spell: Silence
  7720 | D:6      | Found a sacrificial altar of Ru.
  7723 | D:6      | Found an ancient bone altar of Kikubaaqudgha.
  7723 | D:6      | Found a bloodstained altar of Trog.
  7724 | D:6      | Found a hazy altar of Hepliaklqana.
  7725 | D:6      | Found a shattered altar of Ashenzari.
  7944 | D:6      | Learned a level 4 spell: Sticky Flame
  7965 | D:6      | Found a staircase to the Ecumenical Temple.
  7987 | D:6      | Reached ** piety under Ashenzari
  7989 | Temple   | Entered the Ecumenical Temple
  8212 | Temple   | Reached XP level 10. HP: 58/77 MP: 16/16
  8516 | D:7      | Noticed Duvessa
  8597 | D:7      | Learned a level 3 spell: Conjure Flame
  8610 | D:7      | Found an opulent altar of Gozag.
  8611 | D:7      | Found a sparkling altar of Nemelex Xobeh.
  8705 | D:7      | Reached skill level 8 in Short Blades
  8853 | D:7      | Noticed Dowan
  8862 | D:7      | Killed Duvessa
  8864 | D:7      | Killed Dowan
  9274 | D:8      | Reached skill level 1 in Fire Magic
  9414 | D:8      | Noticed an ice statue
  9851 | D:8      | Noticed Psyche
  9864 | D:8      | Killed Psyche
  9864 | D:8      | Reached skill level 5 in Dodging
 10157 | D:9      | Reached skill level 9 in Short Blades
 10556 | D:9      | Slain by a vampire

Illustrated notes

Levels and vault maps discovered:
D:1:      lemuel_arrival_lava_pool, layout_basic, minmay_indecisive_spiral
D:2:      layout_loops_ring, first_ration, minivault_27, minmay_misc_feat_doors
D:3:      layout_loops_ring, grunt_ministairs_6, minmay_quantized, uniq_robin
D:4:      layout_loops_ring, st_stairs_8, uniq_ijyb
D:5:      layout_loops_cross, gammafunk_ghost_smash, evilmike_ruin_ashenzari
D:6:      layout_basic, grunt_temple_overflow_lords_of_destruction,
          grunt_temple_overflow_open, minmay_temple_entry_mist, minmay_bent
D:7:      layout_cave_pools, grunt_temple_overflow_opulence, uniq_duvessa
D:8:      lemuel_ice_statue, layout_basic, hellmonk_ghost_happy_afterlife,
          uniq_psyche
D:9:      layout_roguey [special_room_bee], hangedman_little_slice_of_home
Temple:   minmay_temple_curvy_loop

Skill      XL: |  1  2  3  4  5  6  7  8  9 10 |
---------------+-------------------------------+-----
Conjurations   | 4 |  4.9
Fighting       | 1 2 3 5 6 8 |  8.5
Dodging        | 2 3 4 5 |  5.1
Short Blades   | 1 2 3 4 5 7 9 |  9.0
Spellcasting   | 3 4 |  4.7
Stealth        | 3 4 |  4.1
Armour         | 2 3 |  3.1
Fire Magic     | 2 |  2.4
Air Magic      | |  0.3
Evocations     | |  0.5

Action                   |  1- 3 |  4- 6 |  7- 9 | 10-12 || total
-------------------------+-------+-------+-------+-------++-------
Melee: Short sword       |    62 |    13 |       |       ||    75
       Dagger            |       |    15 |   272 |    99 ||   386
Throw: Dart              |     2 |     3 |    15 |     9 ||    29
       Boomerang         |       |       |       |     1 ||     1
 Cast: Magic Dart        |    15 |       |       |       ||    15
       Searing Ray       |     8 |    10 |    27 |    14 ||    59
Invok: Curse Item        |       |       |     1 |     1 ||     2
 Abil: Shaft Self        |     1 |       |     1 |     1 ||     3
       Stop Flying       |       |       |     1 |       ||     1
       Evoke Flight      |       |       |     1 |       ||     1
 Stab: Sleeping          |     1 |     1 |    16 |     6 ||    24
       Distracted        |       |       |     1 |       ||     1
  Eat: Ration            |     1 |       |       |       ||     1
       Chunk             |       |     3 |    21 |     9 ||    33
Armor: Robe              |     9 |     5 |    17 |     7 ||    38
       Leather armour    |       |       |    23 |       ||    23
Dodge: Dodged            |    51 |    25 |   143 |    46 ||   265
